 Dungeon Crawl Stone Soup version 0.21.1-1-g345015f (webtiles) character file.

265683 Hasart the Earth Mage (level 20, -8/101 HPs)
             Began as a Kobold Wizard on Apr 2, 2018.
             Was the Champion of Vehumet.
             Mangled by a deep elf blademaster
             ... wielding a +0 short sword
              (19 damage)
             ... on level 3 of the Elven Halls on Apr 4, 2018.
             The game lasted 04:00:36 (52496 turns).

Hasart the Earth Mage (Kobold Wizard)              Turns: 52496, Time: 04:00:37

Health: -8/101     AC: 11    Str: 12    XL:     20   Next: 91%
Magic:  3/36       EV: 23    Int: 26    God:    Vehumet [******]
Gold:   1945       SH: 10    Dex: 14    Spells: 10/44 levels left

rFire    x . .     SeeInvis +   Q - +10 war axe "Beetlebane" {freeze, +Fly MR+ Str+4}
rCold    . . .     Gourm    .   u - +2 buckler
rNeg     . . .     Faith    .   M - +0 troll leather armour
rPois    +         Spirit   .   X - +1 helmet
rElec    .         Reflect  +   p - scarf {cloud immunity}
rCorr    .         Harm     .   k - +0 pair of gloves of the Dolphin {rF- Regen+ Dex+4 Slay+3}
MR       ++...                  z - +2 pair of boots {Stlth+}
Stlth    +++.......             W - +2 amulet of reflection
HPRegen  1.06/turn              e - ring "Xiadgh" {rPois EV+4 Str+2 Dex-4}
MPRegen  0.25/turn              P - ring of see invisible

@: drained
A: small, carnivore
}: 2/15 runes: decaying, gossamer
a: Renounce Religion, Evoke Flight


You were on level 3 of the Elven Halls.
You worshipped Vehumet.
Vehumet was exalted by your worship.
You were very full.

You visited 7 branches of the dungeon, and saw 35 of its levels.

You collected 3330 gold pieces.
You spent 1385 gold pieces at shops.

Inventory:

Hand Weapons
 I - the +8 falchion "Xuwytuaf" {pain, rF+++ Str-5 Int-4 Dex+5}
   (You bought it in a shop on level 2 of the Orcish Mines)

   In the hands of one skilled in necromantic magic, it inflicts extra damage on
   living creatures.
   It affects your strength (-5).
   It affects your intelligence (-4).
   It affects your dexterity (+5).
   It renders you almost immune to fire.
 Q - the +10 war axe "Beetlebane" (weapon) {freeze, +Fly MR+ Str+4}
   (You found it on level 15 of the Dungeon)

   It has been specially enchanted to freeze those struck by it, causing extra
   injury to most foes and up to half again as much damage against particularly
   susceptible opponents.
   It can also slow down cold-blooded creatures.
   It affects your strength (+4).
   It affects your resistance to hostile enchantments.
   It lets you fly.
Armour
 k - the +0 pair of gloves of the Dolphin (worn) {rF- Regen+ Dex+4 Slay+3}
   (You bought it in a shop on level 2 of the Orcish Mines)

   It affects your dexterity (+4).
   It affects your accuracy and damage with ranged weapons and melee attacks
   (+3).
   It makes you vulnerable to fire.
   It increases your rate of regeneration.
 p - a scarf of cloud immunity (worn)
 u - a +2 buckler (worn)
 z - a +2 pair of boots of stealth (worn)
 M - a +0 troll leather armour (worn)
 X - a +1 helmet (worn)
Jewellery
 e - the ring "Xiadgh" (left hand) {rPois EV+4 Str+2 Dex-4}
   (You found it on level 7 of the Dungeon)

   [ring of evasion]

   It affects your evasion (+4).
   It affects your strength (+2).
   It affects your dexterity (-4).
   It protects you from poison.
 s - an uncursed ring of protection from fire
 v - an uncursed ring of protection from cold
 D - an uncursed ring of magical power
 G - a +1 ring of protection
 P - a ring of see invisible (right hand)
 W - a +2 amulet of reflection (around neck)
Wands
 l - a wand of digging (54)
 o - a wand of iceblast (13)
 t - a wand of disintegration (15)
 F - a wand of enslavement (12)
 L - a wand of acid (17)
Scrolls
 c - 3 scrolls of amnesia
 g - 3 scrolls of fear
 i - 5 scrolls of teleportation
 n - 17 scrolls of identify
 q - a scroll of holy word
 x - a scroll of enchant weapon
 y - 11 scrolls of remove curse
 B - 3 scrolls of summoning
 J - 6 scrolls of magic mapping
 O - 3 scrolls of blinking
Potions
 a - a potion of mutation
 h - 10 potions of flight
 j - 4 potions of cancellation
 m - 6 potions of ambrosia
 r - 4 potions of agility
 w - a potion of magic
 A - 11 potions of curing
 C - 5 potions of heal wounds
 K - 4 potions of resistance
 N - 2 potions of haste
 R - 5 potions of brilliance
 S - 2 potions of lignification
 Y - 5 potions of invisibility
Books
 f - a book of Burglary

   Spells                             Type                      Level
   a - Swiftness                      Charms/Air                   2
   b - Passwall                       Transmutation/Earth          2
   c - Passage of Golubria            Translocation                4
   d - Lee's Rapid Deconstruction     Earth                        5
   e - Darkness                       Hexes                        6
   f - Invisibility                   Hexes                        6
Miscellaneous
 b - a sack of spiders
Comestibles
 d - 15 rations
 E - 3 chunks of flesh


   Skills:
 - Level 3.1(2.9) Fighting
   Level 4.4(8.0) Short Blades
 - Level 6.7(6.9) Long Blades
 - Level 3.0(2.8) Axes
 - Level 4.0(3.9) Armour
 - Level 8.4(8.3) Dodging
 - Level 2.6(2.5) Stealth
 - Level 5.6(5.4) Shields
 - Level 12.7(12.5) Spellcasting
 - Level 16.0(15.8) Conjurations
 + Level 12.9(12.7) Summonings
 - Level 3.1(2.9) Translocations
 - Level 3.0(2.8) Air Magic
 * Level 16.3(16.2) Earth Magic
 - Level 13.0(12.9) Poison Magic
 - Level 4.0(3.9) Evocations


You had 10 spell levels left.
You knew the following spells:

 Your Spells              Type           Power        Failure   Level  Hunger
a - Iron Shot             Conj/Erth      #######...   1%          6    #####..
b - Blink                 Tloc           N/A          1%          2    None
c - Mephitic Cloud        Conj/Pois/Air  ######..     1%          3    None
d - Poison Arrow          Conj/Pois      ######....   1%          6    #####..
f - Conjure Ball Lightni  Conj/Air       ######....   4%          6    #####..
q - Spellforged Servitor  Conj/Summ      ######....   3%          7    ######.
w - Olgreb's Toxic Radia  Pois           ######..     1%          4    None


Dungeon Overview and Level Annotations

Branches:
Dungeon (15/15)            Temple (0/1) D:5            Lair (6/6) D:11
  Swamp (4/4) Lair:2       Spider (4/4) Lair:4        Slime (0/5) Lair:6
    Orc (2/2) D:9             Elf (3/3) Orc:2        Vaults (0/5) D:13
 Depths (1/5) D:15

Altars:
Fedhas
Gozag
Makhleb
Nemelex Xobeh
Ru
Trog
Uskayaw
Vehumet
Wu Jian
Xom
Yredelemnul
Zin
Beogh

Shops:
D:4 [   D:15 *   Orc:1 *   Orc:2 [(:*

Portals:
Trove: D:13 (give +8 demon whip)

Annotations:
D:2 exclusion: oklob plant
Elf:2 3 runed doors


Innate Abilities, Weirdness & Mutations

You are small and have problems with some larger weapons.
You are carnivorous and can eat meat at any time.


Message History

Casting: Olgreb's Toxic Radiance
Confirm with . or Enter, or press ? or * to list all spells.
You begin to radiate toxic energy.
The deep elf blademaster hits you with a short sword!!
The deep elf blademaster completely misses you.
The deep elf blademaster hits you with a short sword! x2
The deep elf blademaster looks as sick as possible!
The deep elf blademaster looks as sick as possible!
The deep elf blademaster hits you with a short sword!
* * * LOW HITPOINT WARNING * * *
The deep elf blademaster hits you with a short sword.
* * * LOW HITPOINT WARNING * * *
Unknown command.
The deep elf blademaster looks as sick as possible!
The deep elf blademaster looks as sick as possible!
Your toxic aura wanes.
The deep elf blademaster hits you with a short sword!
* * * LOW HITPOINT WARNING * * *
The deep elf blademaster hits you with a short sword!!
You die...

...#.........# #........
###.........## ####.###.
#######...........# #...###
#.................### #...###
#...................# #......
#...................###...###
#.........................#
#.........................#
.##..........e@....##.......#
.............###...####.......#
##...........# ##...# #........
#.#..........# #.#.# #.......#
. #####.####.#### # # #...(...#
##.##.e....#.# .........
.#######............#.
.......e###)....######
######.#...#[.#.....#$


You could see a deep elf blademaster.

Vanquished Creatures
  Saint Roka (Orc:2)
  Nikola (Swamp:4)
  Jorgrun (Swamp:4)
  2 thorn hunters
  2 deep elf sorcerers (Elf:3)
  A frost giant (D:15)
  2 ghost moths
  3 emperor scorpions (Spider:4)
  A deep elf elementalist (Elf:2)
  An orc warlord (Orc:2)
  Louise (Swamp:2)
  An entropy weaver (Spider:2)
  4 very ugly things
  2 deep elf demonologists
  A deep elf death mage (Elf:3)
  Josephine (Lair:6)
  2 deep elf high priests (Elf:1)
  An ogre mage (D:15)
  A vault guard (D:13)
  20 hydras
  A catoblepas (Lair:6)
  3 ghost crabs
  8 alligators
  2 centaur warriors
  9 dancing weapons
  A deep troll shaman (Lair:6)
  12 two-headed ogres
  2 orc high priests
  8 death yaks
  Sonja (D:14)
  A spriggan berserker (Swamp:4)
  13 deep elf knights
  3 skeletal warriors (D:12)
  17 swamp dragons
  8 deep elf archers
  A lindwurm (Lair:6)
  3 shambling mangroves
  5 orc knights
  14 orb spiders
  40 deep elf magi
  3 orc sorcerers
  28 wolf spiders
  8 ugly things
  3 oklob plants
  A cyclops (D:15)
  2 torpor snails
  2 moths of wrath
  3 black mambas
  2 gargoyles
  3 elephants (Lair:6)
  15 spiny frogs
  4 molten gargoyles (Elf:1)
  A kobold demonologist (D:13)
  A rime drake (Lair:1)
  11 demonic crawlers
  A hellwing (D:10)
  2 efreet
  10 komodo dragons
  5 yaktaurs
  A harpy zombie (D:10)
  4 tyrant leeches
  3 meliai (D:15)
  15 slime creatures
  28 jumping spiders
  10 trolls
  2 polar bears
  Prince Ribbit (D:5)
  A dream sheep (Lair:6)
  23 hornets
  9 bog bodies
  A meliai zombie (D:10)
  10 blink frogs
  11 hippogriffs
  An air elemental (Elf:1)
  32 tarantellas
  8 spriggans
  70 redbacks
  A shadow (D:14)
  6 water elementals
  6 wraiths
  A vampire (D:13)
  5 wyverns
  2 basilisks
  57 yaks
  2 fire elementals
  4 hungry ghosts
  20 vampire mosquitoes
  17 swamp worms
  7 insubstantial wisps
  A soldier ant (shapeshifter) (D:13)
  8 wargs
  An acid dragon (D:13)
  10 porcupines
  11 water moccasins
  3 soldier ants
  15 swamp drakes
  5 black bears
  4 sky beasts
  38 orc warriors
  4 ice beasts
  2 eyes of draining
  16 wolves
  13 ogres
  3 phantoms
  15 centaurs
  17 crocodiles
  3 big kobolds
  Blork the orc (Orc:2)
  17 bullfrogs
  A gnoll sergeant (D:8)
  2 earth elementals
  6 scorpions
  6 killer bees (D:9)
  18 wights
  An electric eel (Spider:1)
  4 crimson imps
  A bullfrog zombie (D:13)
  5 lava snakes
  6 jellies
  29 orc wizards
  A quasit (D:7)
  4 bullfrog skeletons
  4 centaur zombies
  17 orc priests
  7 centaur skeletons
  5 hounds
  Ijyb (D:5)
  6 iguanas
  3 hell rats (Lair:6)
  8 worker ants
  2 hound skeletons
  Robin (D:3)
  7 gnolls
  8 adders
  A howler monkey skeleton (D:6)
  4 river rats (Lair:6)
  8 shadow imps
  2 adder zombies (D:9)
  4 adder skeletons
  2 worms (D:3)
  A dart slug (D:4)
  5 leopard geckos
  79 orcs
  2 ball pythons
  3 giant cockroaches
  12 goblins
  9 hobgoblins
  11 jackals
  16 kobolds
  7 quokkas
  8 bats
  4 frilled lizards
  A jackal skeleton (D:4)
  19 rats
1202 creatures vanquished.

Vanquished Creatures (collateral kills)
  A thorn hunter (Swamp:4)
  The ghost of Setanta the Blocker, an adept GnFi of Okawaru (Swamp:3)
  3 emperor scorpions (Spider:4)
  Snorg (Orc:2)
  The ghost of inc the Thaumaturge, a journeyman OpVM of Gozag (Orc:2)
  A hydra (Swamp:4)
  2 dancing weapons
  2 deep elf knights
  2 spriggans (Swamp:3)
  A swamp dragon (Swamp:4)
  2 orb spiders (Spider:4)
  2 shambling mangroves
  A deep elf mage (Elf:2)
  A centaur zombie (D:10)
  A spiny frog (Swamp:3)
  A demonic crawler (Spider:2)
  2 hornets (Swamp:3)
  2 slime creatures (Swamp:1)
  Sigmund (D:4)
  A shadow (Swamp:2)
  A vampire mosquito (Spider:2)
  A warg (Orc:1)
  A swamp worm (Swamp:2)
  A swamp drake (Swamp:4)
  4 wights
  An orc priest (D:9)
  A hound (D:7)
  An orc wizard (D:3)
  An iguana (D:4)
  An adder (D:5)
  An ooze (D:5)
  A leopard gecko (D:3)
  8 orcs
  2 hobgoblins (D:3)
  2 jackals (D:4)
  A quokka (D:3)
  A bat (D:3)
58 creatures vanquished.

Vanquished Creatures (others)
  7 ball lightnings
  A redback (Spider:3)
  A water elemental (Elf:2)
  10 fungi
  14 plants
  A withered plant (D:10)
34 creatures vanquished.

Grand Total: 1294 creatures vanquished

Notes
Turn   | Place    | Note
-------+----------+-------------------------------------------
     0 | D:1      | Hasart the Kobold Wizard began the quest for the Orb.
     0 | D:1      | Reached XP level 1. HP: 10/10 MP: 4/4
   355 | D:1      | Reached XP level 2. HP: 15/15 MP: 1/6
   359 | D:1      | Learned a level 2 spell: Blink
   362 | D:1      | Learned a level 2 spell: Call Imp
  1004 | D:2      | Found a radiant altar of Vehumet.
  1017 | D:2      | Became a worshipper of Vehumet
  1183 | D:2      | Reached XP level 3. HP: 19/19 MP: 4/7
  1312 | D:2      | Learned a level 3 spell: Mephitic Cloud
  1365 | D:2      | Found a blossoming altar of Fedhas.
  1394 | D:2      | Noticed an oklob plant
  1491 | D:3      | Found an opulent altar of Gozag.
  1610 | D:3      | Reached XP level 4. HP: 12/24 MP: 0/9
  1993 | D:3      | Found a glowing silver altar of Zin.
  2425 | D:3      | Reached * piety under Vehumet
  2425 | D:3      | Offered knowledge of Sting by Vehumet.
  2460 | D:3      | Learned a level 1 spell: Sting
  2682 | D:3      | Noticed Robin
  2693 | D:3      | Killed Robin
  2693 | D:3      | Reached XP level 5. HP: 15/28 MP: 3/10
  2783 | D:3      | Reached skill level 1 in Evocations
  3345 | D:4      | Reached XP level 6. HP: 26/32 MP: 6/12
  3614 | D:4      | Noticed Sigmund
  3634 | D:5      | Entered Level 5 of the Dungeon
  3662 | D:5      | Noticed Prince Ribbit
  4005 | D:4      | Killed Sigmund
  4257 | D:4      | Reached ** piety under Vehumet
  4321 | D:4      | Noticed an ogre
  4330 | D:4      | Killed an ogre
  4330 | D:4      | Offered knowledge of Sandblast by Vehumet.
  4330 | D:4      | Reached XP level 7. HP: 36/36 MP: 3/13
  4513 | D:4      | Found a shimmering altar of Xom.
  4513 | D:4      | Found a basalt altar of Yredelemnul.
  4514 | D:4      | Found a sacrificial altar of Ru.
  4546 | D:4      | Found Neykax's Antique Armour Shoppe.
  4567 | D:4      | Found a sparkling altar of Nemelex Xobeh.
  4679 | D:4      | Found a blossoming altar of Fedhas.
  4825 | D:5      | Killed Prince Ribbit
  5115 | D:5      | Reached XP level 8. HP: 34/41 MP: 6/15
  5132 | D:5      | Reached skill level 5 in Conjurations
  5313 | D:5      | Found a staircase to the Ecumenical Temple.
  5317 | D:5      | Noticed Ijyb
  5340 | D:5      | Killed Ijyb
  5350 | D:5      | Reached skill level 1 in Air Magic
  5350 | D:5      | Reached skill level 1 in Poison Magic
  5618 | D:5      | Reached skill level 5 in Spellcasting
  5718 | D:4      | Bought a runed scarf for 216 gold pieces
  5958 | D:5      | Found a burning altar of Makhleb.
  5958 | D:5      | Noticed a green death
  5977 | D:5      | Found a bloodstained altar of Trog.
  6171 | D:5      | Offered knowledge of Static Discharge by Vehumet.
  6694 | D:6      | Noticed a hand axe
  6695 | D:6      | Noticed a dagger
  6695 | D:6      | Found a hide-covered altar of Uskayaw.
  6775 | D:6      | Reached *** piety under Vehumet
  7570 | D:6      | Reached XP level 9. HP: 45/45 MP: 17/17
  8362 | D:7      | Offered knowledge of Olgreb's Toxic Radiance by Vehumet.
  8368 | D:7      | Learned a level 4 spell: Olgreb's Toxic Radiance
  8648 | D:7      | Found an ornate altar of the Wu Jian Council.
  8650 | D:7      | Got a glittering brass ring
  8652 | D:7      | Identified the ring "Xiadgh" {rPois EV+4 Str+2 Dex-4} (You found it on level 7 of the Dungeon)
  8729 | D:7      | Reached skill level 1 in Fighting
  8838 | D:7      | You fall through a shaft for 3 floors!
  8838 | D:10     | Entered Level 10 of the Dungeon
  8838 | D:10     | Noticed a hellwing
  8840 | D:10     | Noticed a hellwing
  8976 | D:10     | Reached XP level 10. HP: 54/54 MP: 12/19
  9149 | D:10     | Reached skill level 5 in Poison Magic
  9274 | D:9      | Reached skill level 5 in Dodging
 10160 | D:8      | Reached **** piety under Vehumet
 10410 | D:8      | Offered knowledge of Bolt of Magma by Vehumet.
 10542 | D:8      | Noticed a two-headed ogre
 10573 | D:8      | Killed a two-headed ogre
 11034 | D:9      | Reached XP level 11. HP: 44/60 MP: 8/22
 12035 | D:9      | Noticed a two-headed ogre
 12056 | D:9      | Killed a two-headed ogre
 12240 | D:9      | Found a staircase to the Orcish Mines.
 12365 | Orc:1    | Entered Level 1 of the Orcish Mines
 12641 | Orc:1    | Reached ***** piety under Vehumet
 12861 | Orc:1    | Found a roughly hewn altar of Beogh.
 12861 | Orc:1    | Noticed an orc sorcerer
 12871 | Orc:1    | Killed an orc sorcerer
 13040 | Orc:1    | Offered knowledge of Orb of Destruction by Vehumet.
 13129 | Orc:1    | Learned a level 7 spell: Orb of Destruction
 13162 | Orc:1    | Reached skill level 1 in Armour
 13245 | Orc:1    | Noticed an orc knight
 13262 | Orc:1    | Killed an orc knight
 13325 | Orc:1    | Noticed an orc knight
 13353 | Orc:1    | Killed an orc knight
 13593 | Orc:1    | Found Asmib's General Store.
 13698 | Orc:2    | Entered Level 2 of the Orcish Mines
 13706 | Orc:2    | Noticed Snorg
 13724 | Orc:2    | Killed Snorg
 13724 | Orc:2    | Reached skill level 10 in Poison Magic
 13724 | Orc:2    | Reached XP level 12. HP: 64/64 MP: 18/25
 14091 | Orc:2    | Noticed inc's ghost (journeyman OpVM)
 14143 | Orc:2    | Killed inc's ghost
 14608 | Orc:2    | Noticed an orc high priest
 14618 | Orc:2    | Noticed Blork the orc
 14620 | Orc:2    | Killed an orc high priest
 14621 | Orc:2    | Killed Blork the orc
 14904 | Orc:2    | Noticed an orc warlord
 14999 | Orc:2    | Found a roughly hewn altar of Beogh.
 15127 | Orc:2    | Noticed Saint Roka
 15183 | Orc:2    | Found a staircase to the Elven Halls.
 15374 | Orc:2    | Offered knowledge of Conjure Ball Lightning by Vehumet.
 15390 | Orc:2    | Learned a level 6 spell: Conjure Ball Lightning
 15448 | Orc:2    | Killed an orc warlord
 15448 | Orc:2    | Reached skill level 10 in Spellcasting
 15601 | Orc:2    | Found a roughly hewn altar of Beogh.
 15611 | Orc:2    | Reached skill level 10 in Conjurations
 15700 | Orc:2    | Found Syudop's Antique Weapon Shop.
 15788 | Orc:2    | Reached XP level 13. HP: 48/68 MP: 13/27
 15906 | Orc:2    | Found Pubbopn's General Store.
 15973 | Orc:2    | Found Wypnul's Book Shop.
 15989 | Orc:2    | Found Wuho's Antique Armour Shop.
 15997 | Orc:2    | Bought a pair of fine gloves for 266 gold pieces
 15997 | Orc:2    | Bought a steaming ring mail for 252 gold pieces
 15997 | Orc:2    | Bought a pair of runed boots for 210 gold pieces
 16007 | Orc:2    | Identified the +0 pair of gloves of the Dolphin {rF- Regen+ Dex+4 Slay+3} (You bought it in a shop on level 2 of the Orcish Mines)
 16022 | Orc:2    | Identified the +3 ring mail of Wrong Decisions {MR++ Str+2 Dex+3} (You bought it in a shop on level 2 of the Orcish Mines)
 16038 | Orc:2    | Bought a polished falchion for 264 gold pieces
 16038 | Orc:2    | Identified the +8 falchion "Xuwytuaf" {pain, rF+++ Str-5 Int-4 Dex+5} (You bought it in a shop on level 2 of the Orcish Mines)
 17271 | D:11     | Reached skill level 1 in Short Blades
 17737 | D:11     | Found a staircase to the Lair.
 17846 | Lair:1   | Entered Level 1 of the Lair of Beasts
 18395 | Lair:1   | Found a basalt altar of Yredelemnul.
 19083 | Lair:2   | Noticed a four-headed hydra
 19088 | Lair:2   | Killed a four-headed hydra
 19730 | Lair:2   | Reached skill level 1 in Long Blades
 20007 | Lair:2   | Found a staircase to the Swamp.
 20168 | Lair:2   | Reached XP level 14. HP: 60/74 MP: 29/29
 20842 | Lair:3   | Offered knowledge of Bolt of Draining by Vehumet.
 21792 | Lair:4   | Found a hole to the Spider Nest.
 22377 | Lair:5   | Got a dazzling mace
 22387 | Lair:5   | Identified the +11 mace of Optimality {protect, *Corrode +Inv rN+ Str+5} (You found it on level 5 of the Lair of Beasts)
 22710 | Lair:5   | Reached skill level 5 in Long Blades
 23457 | Lair:6   | Entered Level 6 of the Lair of Beasts
 24332 | Lair:6   | Reached XP level 15. HP: 70/78 MP: 21/30
 24458 | Lair:6   | Found a staircase to the Slime Pits.
 24592 | Lair:6   | Reached ****** piety under Vehumet
 24619 | Lair:6   | Noticed Josephine
 24644 | Lair:6   | Killed Josephine
 24644 | Lair:6   | Offered knowledge of Lightning Bolt by Vehumet.
 27755 | D:13     | Reached skill level 1 in Shields
 28154 | D:13     | Offered knowledge of Iron Shot by Vehumet.
 28162 | D:13     | Learned a level 6 spell: Iron Shot
 28213 | D:13     | Reached skill level 1 in Earth Magic
 28378 | D:13     | Found a gate to the Vaults.
 28504 | D:13     | Found a portal to a secret trove of treasure.
 29116 | D:14     | Noticed Sonja
 29124 | D:14     | Killed Sonja
 29634 | D:14     | Reached XP level 16. HP: 46/83 MP: 20/32
 29833 | D:15     | Entered Level 15 of the Dungeon
 30117 | D:15     | Got a crude war axe
 30118 | D:15     | Identified the +10 war axe "Beetlebane" {freeze, +Fly MR+ Str+4} (You found it on level 15 of the Dungeon)
 30161 | D:15     | Noticed a frost giant
 30171 | D:15     | Killed a frost giant
 30175 | D:15     | Offered knowledge of Spellforged Servitor by Vehumet.
 30176 | D:15     | Found a staircase to the Depths.
 30186 | D:15     | Learned a level 7 spell: Spellforged Servitor
 30692 | D:15     | Found a sacrificial altar of Ru.
 30800 | D:15     | Reached skill level 1 in Axes
 31137 | D:15     | Found Maucoist's Assorted Antiques.
 31190 | D:15     | Bought a silken robe for 131 gold pieces
 31190 | D:15     | Bought a scroll of identify for 46 gold pieces
 31190 | D:15     | Identified the +2 robe of Polish {rC- rN+ Int+2} (You bought it in a shop on level 15 of the Dungeon)
 31623 | Spider:1 | Entered Level 1 of the Spider Nest
 31627 | Spider:1 | Reached skill level 5 in Earth Magic
 32014 | Spider:1 | Reached skill level 5 in Shields
 32495 | Spider:1 | Reached skill level 15 in Conjurations
 32671 | Spider:1 | Reached XP level 17. HP: 87/87 MP: 33/33
 33385 | Spider:2 | Offered knowledge of Poison Arrow by Vehumet.
 33396 | Spider:2 | Learned a level 6 spell: Poison Arrow
 34211 | Spider:3 | Reached skill level 5 in Summonings
 34212 | Spider:3 | Reached XP level 18. HP: 49/92 MP: 30/34
 36106 | Spider:4 | Entered Level 4 of the Spider Nest
 37728 | Spider:4 | Reached skill level 10 in Earth Magic
 37737 | Spider:4 | Got a gossamer rune of Zot
 38149 | Depths:1 | Entered Level 1 of the Depths
 38154 | Depths:1 | Found the amulet of Vitality {Regen+ HP+15}
 38527 | Swamp:1  | Entered Level 1 of the Swamp
 39793 | Swamp:2  | Noticed Louise
 39800 | Swamp:2  | Killed Louise
 40250 | Swamp:2  | Reached XP level 19. HP: 96/96 MP: 19/35
 41215 | Swamp:3  | Noticed Setanta's ghost (adept GnFi)
 41952 | Swamp:3  | Offered knowledge of Lehudib's Crystal Spear by Vehumet.
 41952 | Swamp:3  | Offered knowledge of Fire Storm by Vehumet.
 41952 | Swamp:3  | Offered knowledge of Shatter by Vehumet.
 42827 | Swamp:3  | Reached skill level 10 in Summonings
 43429 | Swamp:3  | Killed Setanta's ghost
 44105 | Swamp:4  | Entered Level 4 of the Swamp
 44107 | Swamp:4  | Noticed Jorgrun
 44119 | Swamp:4  | Killed Jorgrun
 45857 | Swamp:4  | Noticed Nikola
 46378 | Swamp:4  | Killed Nikola
 46696 | Swamp:4  | Got a decaying rune of Zot
 47459 | Swamp:4  | Reached XP level 20. HP: 101/101 MP: 23/36
 47964 | Orc:2    | Killed Saint Roka
 48375 | Elf:1    | Entered Level 1 of the Elven Halls
 49544 | Elf:1    | Reached skill level 15 in Earth Magic
 51696 | Elf:2    | Found a runed gate.
 51696 | Elf:2    | Found a runed gate.
 51696 | Elf:2    | Found a runed gate.
 51745 | Elf:3    | Entered Level 3 of the Elven Halls
 52496 | Elf:3    | Mangled by a deep elf blademaster

Skill      XL: |  1  2  3  4  5  6  7  8  9 10 11 12 13 14 15 16 17 18 19 20 |
---------------+-------------------------------------------------------------+-----
Dodging        | 3 4 6 8 |  8.4
Conjurations   | 2 3 4 6 7 8 10 12 13 14 15 16 | 16.0
Evocations     | 1 2 3 4 |  4.0
Translocations | 2 3 |  3.1
Spellcasting   | 4 5 6 7 9 10 11 12 | 12.7
Summonings     | 2 3 5 9 11 12 | 12.9
Air Magic      | 2 3 |  3.0
Poison Magic   | 2 4 7 10 11 12 13 | 13.0
Fighting       | 2 3 |  3.1
Armour         | 2 4 |  4.0
Short Blades   | 4 |  4.4
Long Blades    | 2 6 |  6.7
Shields        | 3 5 |  5.6
Earth Magic    | 3 7 8 11 14 16 | 16.3
Axes           | 2 3 |  3.0
Stealth        | |  2.6

Action                   |  1- 3 |  4- 6 |  7- 9 | 10-12 | 13-15 | 16-18 | 19-21 || total
-------------------------+-------+-------+-------+-------+-------+-------+-------++-------
Melee: Short sword       |    18 |   138 |    47 |       |       |       |       ||   203
       Hand axe          |       |       |     3 |       |       |       |       ||     3
       Dagger            |       |       |       |   109 |   364 |     1 |       ||   474
       Falchion          |       |       |       |       |    52 |     3 |       ||    55
       War axe           |       |       |       |       |       |    98 |    66 ||   164
 Cast: Magic Dart        |    55 |    59 |   125 |   194 |    16 |       |       ||   449
       Call Imp          |     2 |    21 |     7 |    39 |    15 |       |       ||    84
       Mephitic Cloud    |       |    10 |     4 |    21 |    13 |     7 |       ||    55
       Sting             |       |    25 |   154 |    56 |     2 |       |       ||   237
       Blink             |       |     1 |       |     2 |     2 |       |     4 ||     9
       Olgreb's Toxic Ra |       |       |    11 |   180 |   275 |   154 |    31 ||   651
       Orb of Destructio |       |       |       |       |   107 |       |       ||   107
       Iron Shot         |       |       |       |       |    10 |   132 |   235 ||   377
       Conjure Ball Ligh |       |       |       |       |     1 |     1 |     1 ||     3
       Poison Arrow      |       |       |       |       |       |    58 |   169 ||   227
       Spellforged Servi |       |       |       |       |       |    11 |    15 ||    26
Evoke: Sack of spiders   |       |       |       |       |       |     3 |       ||     3
       Wand              |       |       |       |       |       |     1 |       ||     1
  Use: Scroll            |       |     6 |     4 |     7 |     5 |    10 |     9 ||    41
       Potion            |       |       |       |     9 |     1 |     3 |     1 ||    14
 Stab: Sleeping          |     1 |     1 |       |       |    13 |       |       ||    15
       Confused          |       |     3 |     1 |       |     2 |     1 |       ||     7
       Distracted        |       |       |       |       |     2 |       |       ||     2
  Eat: Chunk             |    10 |    10 |    19 |    35 |    97 |    63 |    73 ||   307
       Ration            |       |       |       |       |       |    12 |    32 ||    44
Armor: Robe              |     7 |    27 |    28 |    20 |       |       |       ||    82
       Troll leather arm |       |       |       |    12 |   102 |    61 |    32 ||   207
       Skin              |       |       |       |    16 |       |       |       ||    16
Dodge: Dodged            |    26 |   122 |   140 |   254 |   488 |   290 |   182 ||  1502
Block: Buckler           |       |       |       |       |       |   110 |    66 ||   176
       Reflection        |       |       |       |       |       |       |     5 ||     5
       Rpst.: Falchion   |       |       |       |       |    19 |       |       ||    19
